 Dungeon Crawl Stone Soup version 0.22-a0-565-gfc6459a524 (webtiles) character file.

104 Faustar the Skirmisher (level 5, -1/43 HPs)
             Began as a Formicid Abyssal Knight on June 29, 2018.
             Was a Believer of Lugonu.
             Slain by an ice beast (6 damage)
             ... on level 2 of the Dungeon.
             The game lasted 00:03:15 (2622 turns).

Faustar the Skirmisher (Formicid Abyssal Knight)    Turns: 2622, Time: 00:03:15

Health: -1/43      AC:  9    Str: 15 (17) XL:     5   Next: 7%
Magic:  6/6        EV:  6    Int:  9 (12) God:    Lugonu [**....]
Gold:   181        SH:  0    Dex:  8 (10) Spells: 4/4 levels left

rFire    . . .     SeeInvis +   a - +2 hand axe
rCold    . . .     Gourm    .   (no shield)
rNeg     . . .     Faith    .   q - +0 chain mail
rPois    .         Spirit   .   (helmet unavailable)
rElec    .         Reflect  .   (no cloak)
rCorr    .         Harm     .   (no gloves)
MR       .....                  d - +0 pair of boots
Stlth    ..........             (no amulet)
HPRegen  0.14/turn              (no ring)
MPRegen  0.10/turn              (no ring)

@: no status effects
A: permanent stasis, dig shafts and tunnels, four strong arms, antennae 3
a: Dig, Shaft Self, Depart the Abyss, Bend Space, Renounce Religion


You were on level 2 of the Dungeon.
You worshipped Lugonu.
Lugonu was pleased with you.
You were not hungry.

You visited 1 branch of the dungeon, and saw 3 of its levels.
You visited the Abyss 1 time.

You collected 181 gold pieces.

Inventory:

Hand Weapons
 a - a +2 hand axe (weapon)
Armour
 b - a +0 leather armour
 d - a +0 pair of boots (worn)
 g - a +0 plate armour
 h - a +0 scale mail
 q - a +0 chain mail (worn)
Scrolls
 e - a scroll of identify {unknown}
 i - a scroll of enchant weapon
 j - a scroll of fear {unknown}
 k - 2 scrolls of amnesia {unknown}
 l - a scroll of immolation {unknown}
 n - a scroll of noise {unknown}
 o - a scroll of teleportation {unknown}
 p - a scroll of enchant armour {unknown}
Potions
 m - a potion of berserk rage
Comestibles
 c - 6 rations


   Skills:
 + Level 4.8 Fighting
 + Level 3.6 Axes
 - Level 2.1 Armour
 - Level 0.8 Dodging
 - Level 2.1 Invocations


You had 4 spell levels left.
You didn't know any spells.
Your spell library was empty.

Dungeon Overview and Level Annotations

Branches:
Dungeon (3/15)

Altars:
Dithmenos
Uskayaw
Xom


Innate Abilities, Weirdness & Mutations

You cannot be hasted, slowed, berserked, paralysed or teleported.
You can dig through walls and to a lower floor.
Your four strong arms can wield two-handed weapons with a shield.
You have a pair of large antennae on your head. (SInv)


Message History

It was a potion of degeneration.
There was something very wrong with that liquid.
You feel weakened.
You feel dopey.
You feel clumsy. The ice beast hits you. The ice beast freezes you!
* * * LOW HITPOINT WARNING * * *
It was a potion of berserk rage.
Your stasis prevents you from going berserk.
The ice beast completely misses you.
You slash the ice beast!
The ice beast is moderately wounded.
The ice beast hits you but does no damage.
You barely miss the ice beast.
The ice beast is moderately wounded.
The ice beast hits you but does no damage. x2
You hit the ice beast but do no damage.
The ice beast is moderately wounded.
The ice beast hits you.
* * * LOW HITPOINT WARNING * * *
The ice beast freezes you.
You die...

....####...# #.#
##....##...###.###
##..#............#
..........##.###.# ###
###.#....##...##.# ##.##
....#..).#.....#.##########.#.##
##.#.....<.................###.#
..##...........#Y##########.#.##
##.#....(.#)..##@# ##.##
##<##...###..##### #.#
###.##........#.#^# #.#
....###.###..P#'#'# #.###
###.###.###...'...# #...#
###......###.P#...############.##
)........# #..#...##............#
#######..# #..#####....#######..#
## ##..# ##......)...# #..#


You could see an ice beast.

Vanquished Creatures
  A gnoll (D:2)
  An adder (D:2)
  An ooze (D:2)
  5 worms (D:2)
  A dart slug (D:1)
  A leopard gecko (D:2)
  2 giant cockroaches
  11 goblins
  5 hobgoblins
  2 jackals (D:2)
  8 kobolds
  A quokka (D:2)
  2 ball pythons
  8 bats
  5 frilled lizards
  9 rats
63 creatures vanquished.

Notes
Turn   | Place    | Note
-------+----------+-------------------------------------------
     0 | Abyss:1  | Faustar the Formicid Abyssal Knight began the quest for the Orb.
     0 | Abyss:1  | Reached XP level 1. HP: 18/18 MP: 2/2
     0 | D:1      | Escaped the Abyss
   209 | D:1      | Reached * piety under Lugonu
   209 | D:1      | Reached XP level 2. HP: 24/24 MP: 3/3
   467 | D:1      | Reached XP level 3. HP: 27/30 MP: 4/4
   580 | D:1      | Reached skill level 4 in Fighting
  1414 | D:2      | Reached ** piety under Lugonu
  1422 | D:2      | Reached XP level 4. HP: 28/37 MP: 5/5
  2322 | D:2      | Reached XP level 5. HP: 39/43 MP: 6/6
  2475 | D:2      | Found a shadowy altar of Dithmenos.
  2478 | D:2      | Found a shimmering altar of Xom.
  2481 | D:2      | Found a hide-covered altar of Uskayaw.
  2589 | D:3      | Noticed an ice beast
  2622 | D:2      | Slain by an ice beast

Vault maps used:
D:1:      dpeg_arrival_subterranean_lakeside_camping
D:2:      grunt_temple_overflow_diamond, corexii_item_surrounded_by_moat,
          cheibrodos_gnoll_hut
D:3:      nemelex_diamond_rough_becter

Skill      XL: |  1  2  3 |
---------------+----------+-----
Fighting       | 4 |  4.8
Axes           | 3 |  3.6
Armour         | |  2.1
Dodging        | |  0.8
Invocations    | |  2.1

Action                   |  1- 3 |  4- 6 || total
-------------------------+-------+-------++-------
Melee: Hand axe          |   113 |   116 ||   229
Invok: Depart the Abyss  |     1 |       ||     1
  Use: Potion            |       |     2 ||     2
       Scroll            |       |     1 ||     1
  Eat: Chunk             |     2 |     4 ||     6
Armor: Leather armour    |    15 |       ||    15
       Scale mail        |    44 |    27 ||    71
       Chain mail        |       |    24 ||    24
Dodge: Dodged            |    46 |    52 ||    98

Table legend:
 A = Spawn XP
 B = Non-spawn XP
 C = Spawn XP percentage of total XP
 D = Spawn monster count
 E = Non-spawn monster count
 F = Spawn count percentage of total count
 G = Total turns spent on level
                    A         B        C        D         E        F      G
               +---------+---------+-------+---------+---------+-------+---------
         Total |       0 |     149 |   0.0 |       0 |      63 |   0.0 |  2622
               +---------+---------+-------+---------+---------+-------+---------
           D:1 |       0 |      47 |   0.0 |       0 |      30 |   0.0 |  1471
           D:2 |       0 |     100 |   0.0 |       0 |      32 |   0.0 |  1093
           D:3 |       0 |       2 |   0.0 |       0 |       1 |   0.0 |    58
               +---------+---------+-------+---------+---------+-------+---------
